 Dungeon Crawl Stone Soup version 0.31-a0-210-gccc998df9b (webtiles) character file.

Game seed: 15188447760597074352

51 qw the Chopper (level 3, 0/25 HPs)
             Began as a Gargoyle Fighter on June 29, 2023.
             Slain by a gnoll
             ... wielding a +0 club
              (2 damage)
             ... on level 3 of the Dungeon.
             The game lasted 00:00:47 (1413 turns).

qw the Chopper (Gargoyle Fighter)                   Turns: 1413, Time: 00:00:48

Health: 0/25       AC: 12    Str: 22 (25) XL:     3   Next: 83%
Magic:  3/3        EV:  8    Int:  4 (7)  God:
Gold:   58         SH:  4    Dex:  7 (8)  Spells: 2/2 levels left

rFire   + . .        Y - +1 war axe
rCold   . . .        c - +0 buckler
rNeg    + + .        l - +0 chain mail
rPois   inf          (no helmet)
rElec   +            (no cloak)
rCorr   .            (no gloves)
SInv    .            (no boots)
Will    .....        (no amulet) Stlth
                     f - ring of protection from fire
HPRegen 0.24/turn    k - ring of positive energy
MPRegen 0.08/turn

%: no passive effects
@: no status effects
A: sickness immunity, AC +3, negative energy resistance 1, electricity
resistance, torment resistance 1, petrification resistance, robust 1, strong 1
a: no special abilities


You were on level 3 of the Dungeon.
You visited 1 branch of the dungeon, and saw 3 of its levels.

You collected 58 gold pieces.


Innate Abilities, Weirdness & Mutations

You are immune to sickness and miasma.
Your stone body is resilient. (AC +3)
You are immune to poison.
You resist negative energy. (rN+)
You are resistant to electric shocks. (rElec)
You are resistant to unholy torment.
You are immune to petrification.
You are robust. (+10% HP)
Your muscles are strong. (Str +4, Int/Dex -1)


   Skills:
 - Level 3.2 Fighting
 + Level 3.6 Axes
 - Level 3.2 Armour
 - Level 3.2 Shields


You had 2 spell levels left.
You didn't know any spells.
Your spell library was empty.

Inventory:

Hand Weapons
 h - a +1 mace of draining
 m - a +0 mace
 Y - a +1 war axe (weapon)
Armour
 c - a +0 buckler (worn)
 l - a +0 chain mail (worn)
Jewellery
 f - a ring of protection from fire (left hand)
 k - a ring of positive energy (right hand)
Scrolls
 i - a scroll of identify
Potions
 d - a potion of might

Dungeon Overview and Level Annotations

Branches:
Dungeon (3/15)

Altars:


Message History

You start resting.
HP restored.
Done exploring.
(D) Dungeon
Where to? (* - list waypoints, Enter - D:2, ? - help)
What level of the Dungeon? (default 1, ? - help)
There is a stone staircase leading up here.
There is a stone staircase leading down here.
You climb downwards.
The gnoll shouts! x2
Found a spear.
There is a stone staircase leading up here.
There are monsters nearby!
Waypoint 2 assigned to D:3.
The gnoll hits you but does no damage. The gnoll hits you with a +0 whip.
You barely miss the gnoll. You closely miss the gnoll. You slash the gnoll!
The gnoll closely misses you. The gnoll hits you but does no damage.
The gnoll hits you with a +0 whip. The gnoll hits you but does no damage.
You barely miss the gnoll.
The gnoll is heavily wounded.
You closely miss the gnoll. You hit the gnoll but do no damage.
The gnoll barely misses you. You block the gnoll's attack. x2
The gnoll hits you with a +0 whip.
You hit the gnoll.
The gnoll is severely wounded.
You closely miss the gnoll. x2
The gnoll misses you. The gnoll hits you with a +0 club.
The gnoll hits you but does no damage. The gnoll closely misses you.
The gnoll hits you but does no damage. x3; The gnoll hits you with a +0 flail.
You barely miss the gnoll.
The gnoll is severely wounded.
You hit the gnoll. x2
The gnoll hits you but does no damage. The gnoll barely misses you. x2
The gnoll hits you with a +0 whip!
You barely miss the gnoll.
The gnoll is severely wounded.
You closely miss the gnoll. You slash the gnoll!
You kill the gnoll!
The gnoll closely misses you. The gnoll hits you with a +0 club.
You die...

.. #. #. ##.###
. #....# ##..
#..g.# ....#
####..gg##......
#.....)@<.).....
##########.#####
#


You could see 3 gnolls.

Vanquished Creatures
  An adder (D:2)
  A gnoll (D:3)
  A dart slug (D:1)
  10 ball pythons (D:1)
  2 giant cockroaches (D:1)
  7 goblins
  3 hobgoblins
  5 kobolds
  2 quokkas (D:1)
  2 bats
  2 frilled lizards
  4 rats
40 creatures vanquished.

Notes
Turn   | Place    | Note
-------+----------+-------------------------------------------
     0 | D:1      | qw the Gargoyle Fighter began the quest for the Orb.
     0 | D:1      | Reached XP level 1. HP: 14/14 MP: 1/1
     0 | D:1      | 0 ||| qw: Version: 0.3-a-24-g62f9e04
     0 | D:1      | 0 ||| qw: Game counter: 6667
     0 | D:1      | 0 ||| qw: Melee chars always use a shield: true
     0 | D:1      | 0 ||| qw: God list: Okawaru
     0 | D:1      | 0 ||| qw: Allow faded altars: false
     0 | D:1      | 0 ||| qw: Do Orc after clearing Dungeon:15 true
     0 | D:1      | 0 ||| qw: Do second Lair branch before Depths: true
     0 | D:1      | 0 ||| qw: Lair rune preference: random
     0 | D:1      | 0 ||| qw: Goals: Normal, Zot:1-4, Slime:5, God:TSO, Crypt,
                  | Tomb, Abyss, Pan, Hells, Win
     0 | D:1      | 0 ||| PLANNING D:1-11
    10 | D:1      | 10 ||| Stepping ~*~*~tactically~*~*~ (stealth).
   104 | D:1      | Reached XP level 2. HP: 19/19 MP: 2/2
   306 | D:1      | Found a faded altar of an unknown god.
   307 | D:1      | 307 ||| Stepping ~*~*~tactically~*~*~ (stealth).
   310 | D:1      | 310 ||| Stepping ~*~*~tactically~*~*~ (stealth).
   315 | D:1      | Reached skill level 3 in Axes
   372 | D:1      | Reached XP level 3. HP: 22/23 MP: 3/3
   531 | D:1      | 531 ||| Stepping ~*~*~tactically~*~*~ (stealth).
   719 | D:1      | 719 ||| READING scroll labelled XENUT NOOHE.
   720 | D:1      | 720 ||| READING 2 scrolls labelled LIEBBO VULI.
   721 | D:1      | 721 ||| READING scroll labelled VIAL TUSUC.
   735 | D:1      | 735 ||| DRINKING 2 emerald potions.
   736 | D:1      | 736 ||| DROPPING potion of degeneration.
   824 | D:2      | 824 ||| FLEEEEING.
   831 | D:2      | 831 ||| Stepping ~*~*~tactically~*~*~ (hiding).
   970 | D:2      | 970 ||| DROPPING +0 club.
  1148 | D:2      | 1148 ||| DROPPING +0 whip.
  1253 | D:2      | 1253 ||| UPGRADING to +0 chain mail.
  1263 | D:2      | 1263 ||| DROPPING +0 scale mail.
  1264 | D:2      | 1264 ||| UPGRADING to ring of protection from fire.
  1265 | D:2      | 1265 ||| UPGRADING to ring of positive energy.
  1266 | D:2      | 1266 ||| READING scroll labelled QYITATWURGH.
  1367 | D:2      | 1367 ||| READING scroll labelled SEPAEM LOESIES.
  1368 | D:2      | 1368 ||| DRINKING 2 blue potions.
  1368 | D:2      | Gained mutation: You are frail. (-10% HP) [potion of
                  | mutation]
  1369 | D:2      | 1369 ||| DRINKING potion of mutation.
  1369 | D:2      | Lost mutation: You are frail. (-10% HP) [potion of
                  | mutation]
  1369 | D:2      | Gained mutation: You are robust. (+10% HP) [potion of
                  | mutation]
  1369 | D:2      | Gained mutation: Your muscles are strong. (Str +4, Int/Dex
                  | -1) [potion of mutation]
  1412 | D:3      | HP: 2/25 [gnoll/+0 whip (8)]
  1413 | D:3      | Slain by a gnoll

Levels and vault maps discovered:
D:1:      dpeg_arrival_tiny_f, layout_loops_ring,
          nicolae_ecumenical_snake_handling
D:2:      layout_basic
D:3:      layout_basic, serial_undead, serial_undead_d, serial_undead_b,
          serial_undead_d, serial_undead_b, serial_undead_d, serial_undead_e,
          serial_undead_b, serial_undead_b, ebering_ghost_sewer_d

Skill      XL: |  1  2 |
---------------+-------+-----
Axes           | 2 3 |  3.6
Fighting       | |  3.2
Armour         | |  3.2
Shields        | |  3.2

Action                     || total
---------------------------++-------
  Melee: War axe           ||   110
    Use: Scroll            ||     5
         Potion            ||     3
 Armour: Scale mail        ||    54
         Chain mail        ||     8
  Dodge: Dodged            ||    54
  Block: Buckler           ||    24

Table legend:
 A = Non-vault XP
 B = Vault XP
 C = Vault XP percentage of total XP
 D = Non-vault monster count
 E = Vault monster count
 F = Vault count percentage of total count
                 A         B        C        D         E       F
            +---------+---------+-------+---------+---------+-------
      Total |      82 |       5 |   5.7 |      37 |       3 |   7.5
            +---------+---------+-------+---------+---------+-------
        D:1 |      39 |       5 |  11.4 |      24 |       3 |  11.1
        D:2 |      30 |       0 |   0.0 |      12 |       0 |   0.0
        D:3 |      13 |       0 |   0.0 |       1 |       0 |   0.0
            +---------+---------+-------+---------+---------+-------
